 Dungeon Crawl Stone Soup version 0.30-a0-1163-gf69bf04e7a (webtiles) character file.

Game seed: 4641815554157115826

319 Demosthentine the Poker (level 6, -6/47 HPs)
             Began as a Demonspawn Gladiator on Apr 29, 2023.
             Mangled by Duvessa
             ... wielding a +2 short sword of venom
              (9 damage)
             ... on level 4 of the Dungeon.
             The game lasted 00:02:50 (1790 turns).

Demosthentine the Poker (Demonspawn Gladiator)      Turns: 1790, Time: 00:02:51

Health: -6/47      AC:  4    Str: 16    XL:     6   Next: 21%
Magic:  6/6        EV: 13    Int: 10    God:
Gold:   241        SH:  0    Dex: 14    Spells: 5/5 levels left

rFire   . . .        a - +0 trident
rCold   . . .        (no shield)
rNeg    . . .        b - +0 leather armour
rPois   .            (helmet restricted)
rElec   .            o - +0 cloak
rCorr   +            (no gloves)
SInv    .            (no boots)
Will    .....        (no amulet)
Stlth   +            f - ring of resist corrosion
HPRegen 0.27/turn    (no ring)
MPRegen 0.10/turn

%: no passive effects
@: lethally poisoned (-6 -> -29)
A: horns 1, powered by pain 2, condensation shield
a: no special abilities


You were on level 4 of the Dungeon.
You visited 1 branch of the dungeon, and saw 4 of its levels.

You collected 241 gold pieces.

Inventory:

Hand Weapons
 a - a +0 trident (weapon)
Missiles
 d - 2 throwing nets (quivered)
 e - a javelin
Armour
 b - a +0 leather armour (worn)
 c - a +0 helmet
 o - a +0 cloak (worn)
Jewellery
 f - a ring of resist corrosion (left hand)
Wands
 j - a wand of roots (7)
Scrolls
 g - a scroll of identify
 l - a scroll of teleportation {unknown}
 m - a scroll of fog {unknown}
Potions
 h - a potion of mutation
 i - a potion of lignification
 k - 2 potions of might
 n - 2 potions of brilliance {unknown}


   Skills:
 + Level 3.6 Fighting
 + Level 3.9 Polearms
 - Level 1.7 Throwing
 + Level 2.6 Armour
 + Level 3.9 Dodging


You had 5 spell levels left.
You didn't know any spells.
Your spell library was empty.

Dungeon Overview and Level Annotations

Branches:
Dungeon (4/15)
 Temple: D:4-7

Altars:
Ashenzari
Gozag

Annotations:
D:4 Dowan, Duvessa


Innate Abilities, Weirdness & Mutations

You have a pair of small horns on your head.
You sometimes gain power by taking damage.
A meltable shield of frost defends you. (SH +0)


Message History

Unknown command.
You feel a little less mighty now.
You hear the rusting of a very distant drain.
Found a scroll labelled BUEB QEIZILIXI.
A jelly comes into view.
The jelly moves out of view.
Found a gluggy blue potion.
Duvessa and a dart slug come into view.
Duvessa is wielding a +2 short sword of venom and wearing a +3 leather armour of cold resistance.
The dart slug launches a dart at you. The slug dart misses you.
The jelly quivers.
Duvessa says, "My weaknesses are his strengths!"
You see here a scroll labelled BUEB QEIZILIXI.
Reach: a) +0 trident
Press: ? - help, Dir - move target, f - Duvessa
Aim: Duvessa, wielding a +2 short sword of venom and wearing a +3 leather armour of cold resistance (about 37% to evade your +0 trident)
You reach to attack!
You closely miss Duvessa.
Unknown command.
Duvessa hits you with a +2 short sword of venom!
You are poisoned.
Duvessa attacks as you move away! Duvessa misses you.
Dowan, Brother of Duvessa comes into view.
He is wielding a +0 dagger.
You feel very sick.
Dowan shouts!
Duvessa attacks as you move away!
Duvessa hits you with a +2 short sword of venom.
You are more poisoned.
You feel very sick. Dowan casts a spell at you. The puff of flame hits you!
Your condensation shield dissipates!
* * * LOW HITPOINT WARNING * * *
You hit Duvessa but do no damage.
* * * LOW HITPOINT WARNING * * *
You feel very sick.
Duvessa hits you with a +2 short sword of venom.
* * * LOW HITPOINT WARNING * * *
You are more poisoned.
Duvessa hits you with a +2 short sword of venom!
You die...

######......#.........#..#
..........#......#+##
.......w............#
........J......#....+
...............#....#
.....####.?....###+##
........#..........
....e...e..####.....
.......@..!+ .....
...........# .....
......###### ..... ......
... ..... ..... ...# ###


You could see Duvessa and Dowan.

Vanquished Creatures
  Grinder (D:4)
  Crazy Yiuf (D:2)
  3 adders
  An ufetubus (D:3)
  3 worms
  2 dart slugs
  2 orcs (D:4)
  2 bats (D:1)
  4 endoplasms
  A giant cockroach (D:1)
  4 goblins
  6 hobgoblins
  A quokka (D:1)
  6 ball pythons
  4 frilled lizards
  3 kobolds
  5 rats
49 creatures vanquished.

Notes
Turn   | Place    | Note
-------+----------+-------------------------------------------
     0 | D:1      | Demosthentine the Demonspawn Gladiator began the quest for
                  | the Orb.
     0 | D:1      | Reached XP level 1. HP: 16/16 MP: 1/1
   155 | D:1      | Gained mutation: You sometimes gain a little power by
                  | taking damage. [demonic ancestry]
   155 | D:1      | Reached XP level 2. HP: 22/22 MP: 2/2
   795 | D:2      | Reached skill level 1 in Armour
   897 | D:2      | Gained mutation: A meltable shield of frost defends you.
                  | (SH +0) [demonic ancestry]
   897 | D:2      | Reached XP level 3. HP: 28/28 MP: 3/3
   903 | D:2      | Found an opulent altar of Gozag.
  1211 | D:2      | Found a runed translucent door.
  1212 | D:2      | Noticed Crazy Yiuf
  1320 | D:2      | Killed Crazy Yiuf
  1321 | D:2      | Gained mutation: You sometimes gain power by taking damage.
                  | [demonic ancestry]
  1321 | D:2      | Reached XP level 4. HP: 8/34 MP: 4/4
  1432 | D:3      | Found a broken altar of Ashenzari.
  1587 | D:3      | Found a faded altar of an unknown god.
  1689 | D:4      | Noticed Grinder
  1703 | D:4      | Paralysed by Grinder for 4 turns
  1711 | D:4      | Paralysed by Grinder for 2 turns
  1721 | D:4      | Killed Grinder
  1722 | D:4      | Gained mutation: You have a pair of small horns on your
                  | head. [demonic ancestry]
  1722 | D:4      | Reached XP level 5. HP: 16/41 MP: 5/5
  1722 | D:4      | Reached XP level 6. HP: 18/47 MP: 6/6
  1783 | D:4      | Noticed Duvessa
  1788 | D:4      | Noticed Dowan
  1790 | D:4      | Mangled by Duvessa

Illustrated notes

Levels and vault maps discovered:
D:1:      co_arrival_random_square_maze, layout_loops_ring,
          dreamdust_wishing_well
D:2:      layout_basic, basic_altar, uniq_crazy_yiuf_cottage
D:3:      layout_basic, ashenzari_conservatory_becter,
          hellmonk_ecumenical_altar_run_dry, serial_forest,
          infiniplex_forest_lined_3, infiniplex_forest_zigzag_1,
          infiniplex_forest_clump_large, infiniplex_forest_diagonal,
          infiniplex_forest_lined_ring, infiniplex_forest_lined_room_3,
          infiniplex_forest_end_2, amcnicky_mini_pool_small,
          minmay_snake_closets
D:4:      layout_basic, mainiacjoe_overflow_24_doors,
          mainiacjoe_overflow_tiny_flanked, gup_sewer_entry_glass, uniq_grinder,
          uniq_duvessa

Skill      XL: |  1  2  3  4 |
---------------+-------------+-----
Polearms       | 3 |  3.9
Dodging        | 3 |  3.9
Armour         | 1 2 |  2.6
Fighting       | 3 |  3.6
Throwing       | |  1.7

Action                     |  1- 3 |  4- 6 || total
---------------------------+-------+-------++-------
  Melee: Trident           |    98 |    79 ||   177
  Throw: Throwing net      |     1 |       ||     1
    Use: Scroll            |     1 |     4 ||     5
         Potion            |       |     3 ||     3
   Stab: Sleeping          |     2 |       ||     2
 Armour: Leather armour    |    12 |    15 ||    27
  Dodge: Dodged            |    42 |    65 ||   107
  Block: Other             |     4 |     6 ||    10

Table legend: (Time is in decaauts)
 A = Elapsed time spent in this place.
 B = Non-inter-level travel time spent in this place.
 C = Inter-level travel time spent in this place.
 D = Time resting spent in this place.
 E = Time spent auto-exploring this place.
 F = Levels seen in this place.
 G = Mean time per level.
                   A        B        C        D        E       F      G
               +--------+--------+--------+--------+--------+-----+--------+
         Total |   1815 |   1753 |     62 |      0 |   1280 |   4 |  453.8 |
       Dungeon |   1815 |   1753 |     62 |      0 |   1280 |   4 |  453.8 |
               +--------+--------+--------+--------+--------+-----+--------+

Top non-repeatable levels by time:
     D:1: 775 daAuts
     D:2: 601 daAuts
     D:3: 266 daAuts
     D:4: 171 daAuts
